 Dungeon Crawl Stone Soup version 0.31-a0-187-gba352fbbf7 (webtiles) character file.

Game seed: 11183163681115975005

39 qw the Shooter (level 3, -4/20 HPs)
             Began as a Deep Elf Hunter on June 22, 2023.
             Slain by Terence
             ... wielding a +0 flail of holy wrath
              (8 damage)
             ... on level 2 of the Dungeon.
             The game lasted 00:00:26 (1298 turns).

qw the Shooter (Deep Elf Hunter)                    Turns: 1298, Time: 00:00:26

Health: -4/20      AC:  3    Str: 10    XL:     3   Next: 28%
Magic:  5/5        EV: 12    Int: 13    God:
Gold:   34         SH:  0    Dex: 18    Spells: 2/2 levels left

rFire   . . .        Y - +0 shortbow
rCold   . . .        (shield currently unavailable)
rNeg    . . .        c - +0 leather armour
rPois   .            (no helmet)
rElec   .            (no cloak)
rCorr   .            (no gloves)
SInv    .            (no boots)
Will    .....        (no amulet)
Stlth   ++           (no ring)
HPRegen 0.23/turn    (no ring)
MPRegen 0.09/turn

%: no passive effects
@: no status effects
A: no striking features
a: no special abilities


You were on level 2 of the Dungeon.
You visited 1 branch of the dungeon, and saw 2 of its levels.

You collected 94 gold pieces.
You spent 60 gold pieces at shops.


   Skills:
 - Level 1.5 Fighting
 + Level 6.9 Ranged Weapons
 - Level 2.4 Dodging
 - Level 1.2 Stealth


You had 2 spell levels left.
You didn't know any spells.
Your spell library was empty.

Inventory:

Hand Weapons
 Y - a +0 shortbow (weapon)
Armour
 c - a +0 leather armour (worn)
 j - a -3 ring mail
Scrolls
 b - a scroll of identify {unknown}
 f - a scroll of teleportation {unknown}
 i - a scroll of poison {unknown}
Potions
 a - 2 potions of brilliance {unknown}
 d - 3 potions of curing
 e - 2 potions of magic {unknown}
 g - a potion of might {unknown}
 h - a potion of mutation {unknown}

Dungeon Overview and Level Annotations

Branches:
Dungeon (2/15)

Altars:

Shops:
D:1 !   D:2 [

Annotations:
D:2 Terence


Message History

Enter note:
Enter note:
Enter note: You shoot an arrow.
The arrow hits the quokka.
You kill the quokka!
Terence the Incautious comes into view.
He is wielding a +0 flail of holy wrath.
Enter note:
Enter note:
Enter note:
Enter note:
Enter note:
Enter note: You shoot an arrow.
The arrow hits Terence.
Terence shouts!
Terence is lightly wounded.
You shoot an arrow. The arrow hits Terence.
Terence is lightly wounded.
You shoot an arrow. The arrow barely misses Terence.
You shoot an arrow. The arrow hits Terence.
Terence is moderately wounded.
Terence closely misses you.
You shoot an arrow. The arrow barely misses Terence.
Terence barely misses you.
You shoot an arrow. The arrow closely misses Terence.
Terence barely misses you.
You shoot an arrow. The arrow hits Terence.
Terence is heavily wounded.
Terence hits you with a +0 flail of holy wrath.
You shoot an arrow. The arrow hits Terence.
Terence is heavily wounded.
Terence closely misses you.
You shoot an arrow. The arrow hits Terence.
Terence is severely wounded.
Terence hits you with a +0 flail of holy wrath!
Ouch! That really hurt!
You shoot an arrow. The arrow barely misses Terence.
Terence barely misses you. Terence completely misses you.
You shoot an arrow. The arrow barely misses Terence.
Terence hits you with a +0 flail of holy wrath!
You die...

##### ##...####
#.......#
#.#.[.[.########
...######.#..\..........
..............[.########
.....#@....%.........##
..##.@.####.#.######.##
....... #.#.######.##
#..######. #.#.#.......#
#. .##.#.#.....[..
##.#.#........
#.#.......... ##........
..........


You could see Terence.

Vanquished Creatures
  A worm (D:2)
  2 dart slugs (D:1)
  4 ball pythons
  3 giant cockroaches
  2 goblins (D:1)
  6 jackals
  3 quokkas
  3 bats
  4 frilled lizards (D:1)
  3 rats
31 creatures vanquished.

Notes
Turn   | Place    | Note
-------+----------+-------------------------------------------
     0 | D:1      | qw the Deep Elf Hunter began the quest for the Orb.
     0 | D:1      | Reached XP level 1. HP: 12/12 MP: 3/3
     0 | D:1      | 0 ||| qw: Version: 0.3-a-9-g12657ce
     0 | D:1      | 0 ||| qw: Game counter: 2031
     0 | D:1      | 0 ||| qw: Always use a shield: true
     0 | D:1      | 0 ||| qw: God list: Okawaru
     0 | D:1      | 0 ||| qw: Allow faded altars: false
     0 | D:1      | 0 ||| qw: Do Orc after D:15 true
     0 | D:1      | 0 ||| qw: Do second Lair branch before Depths: true
     0 | D:1      | 0 ||| qw: Lair rune preference: random
     0 | D:1      | 0 ||| qw: Plans: Normal
     0 | D:1      | 0 ||| PLANNING D:1-11
   169 | D:1      | Found Wakaf's Distillery.
   172 | D:1      | 172 ||| READING scroll labelled AZXOHO OHISU.
   173 | D:1      | 173 ||| DRINKING 2 inky potions.
   174 | D:1      | 174 ||| DROPPING scroll of butterflies.
   186 | D:1      | Reached skill level 6 in Ranged Weapons
   186 | D:1      | Reached XP level 2. HP: 13/16 MP: 4/4
   210 | D:1      | 210 ||| SHOPLISTING 2 potions of mutation (160 gold, have
                  | 66).
   210 | D:1      | 210 ||| BUYING potion of curing (30 gold).
   210 | D:1      | Bought a potion of curing for 30 gold pieces
   210 | D:1      | 210 ||| BUYING potion of curing (30 gold).
   210 | D:1      | Bought a potion of curing for 30 gold pieces
   210 | D:1      | 210 ||| SHOPLISTING potion of curing (30 gold, have 6).
   210 | D:1      | 210 ||| SHOPLISTING potion of heal wounds (50 gold, have
                  | 6).
   210 | D:1      | 210 ||| SHOPLISTING potion of mutation (80 gold, have 6).
   210 | D:1      | 210 ||| SHOPLISTING potion of resistance (100 gold, have
                  | 6).
   262 | D:1      | HP: 4/16 [quokka (4)]
   343 | D:1      | You fall into a shaft and drop 1 floor!
   364 | D:2      | 364 ||| READING scroll labelled ETELOO LICUINU.
   365 | D:2      | 365 ||| DRINKING 2 pink potions.
   369 | D:2      | 369 ||| FLEEEEING.
   370 | D:2      | 370 ||| FLEEEEING.
   371 | D:2      | 371 ||| FLEEEEING.
   372 | D:2      | 372 ||| FLEEEEING.
   373 | D:2      | 373 ||| STAIRDANCE
   870 | D:1      | 870 ||| READING scroll labelled SIDOHA POITZAA.
   871 | D:1      | 871 ||| DROPPING potion of berserk rage.
   951 | D:2      | Reached XP level 3. HP: 20/20 MP: 5/5
  1269 | D:2      | Found Nuinn's Armour Emporium.
  1275 | D:2      | 1275 ||| SHOPLISTING +0 helmet (54 gold, have 34).
  1275 | D:2      | 1275 ||| SHOPLISTING +0 ring mail (48 gold, have 34).
  1275 | D:2      | 1275 ||| SHOPLISTING +0 scale mail (48 gold, have 34).
  1275 | D:2      | 1275 ||| SHOPLISTING +2 leather armour of cold resistance
                  | (228 gold, have 34).
  1275 | D:2      | 1275 ||| SHOPLISTING +3 ring mail (252 gold, have 34).
  1275 | D:2      | 1275 ||| SHOPLISTING +3 ring mail of cold resistance (312
                  | gold, have 34).
  1287 | D:2      | Noticed Terence
  1296 | D:2      | HP: 4/20 [Terence/+0 flail of holy wrath (12)]
  1298 | D:2      | Slain by Terence

Levels and vault maps discovered:
D:1:      roderic_chinese_lattice_arrival, layout_loops_ring, serial_shops,
          nicolae_shop_statue_plus
D:2:      layout_loops_ring, serial_shops, nicolae_shop_scrapyard, uniq_terence,
          uniq_crazy_yiuf_cottage

Skill      XL: |  1 |
---------------+----+-----
Ranged Weapons | 6 |  6.9
Fighting       | |  1.5
Dodging        | |  2.4
Stealth        | |  1.2

Action                     || total
---------------------------++-------
   Fire: Shortbow          ||    87
    Use: Scroll            ||     3
         Potion            ||     2
 Armour: Leather armour    ||     6
  Dodge: Dodged            ||    34

Table legend:
 A = Non-vault XP
 B = Vault XP
 C = Vault XP percentage of total XP
 D = Non-vault monster count
 E = Vault monster count
 F = Vault count percentage of total count
                 A         B        C        D         E       F
            +---------+---------+-------+---------+---------+-------
      Total |      57 |       0 |   0.0 |      31 |       0 |   0.0
            +---------+---------+-------+---------+---------+-------
        D:1 |      36 |       0 |   0.0 |      20 |       0 |   0.0
        D:2 |      21 |       0 |   0.0 |      11 |       0 |   0.0
            +---------+---------+-------+---------+---------+-------
